 Dungeon Crawl Stone Soup version 0.31-a0-988-g08d55dae12 (webtiles) character file.

Game seed: 17261753962737333642

921 Armadingus the Poker (level 8, -11/55 HPs)
             Began as an Octopode Fighter on Nov 5, 2023.
             Was an Initiate of Gozag.
             Mangled by an ice beast (14 damage)
             ... on level 5 of the Dungeon on Nov 6, 2023.
             The game lasted 00:41:49 (3331 turns).

Armadingus the Poker (Octopode Fighter)             Turns: 3331, Time: 00:41:50

Health: -11/55     AC:  1    Str: 24    XL:     8   Next: 10%
Magic:  8/8        EV: 32    Int: 10    God:    Gozag
Gold:   540        SH:  4    Dex:  6    Spells: 7/7 levels left

rFire   . . .        a - +0 trident
rCold   . . .        b - +0 buckler
rNeg    + + .        (helmet restricted)
rPois   .            w - amulet of the acrobat
rElec   .            p - ring of Pragmatism {rN++ EV+5 Dex-5}
rCorr   .            v - +6 ring of strength
SInv    .            (no ring)
Will    .....        (no ring)
Stlth   ++           (no ring)
HPRegen 0.29/turn    (no ring)
MPRegen 0.11/turn    (no ring)
                     (no ring)

%: acrobat
@: acrobatic
A: almost no armour, amphibious, 8 rings, camouflage 1, gelatinous body 1,
(nimble swimmer 1), tentacles
a: Renounce Religion, Potion Petition, Call Merchant, Bribe Branch


You were on level 5 of the Dungeon.
You worshipped Gozag.
Gozag was pleased with you.
You visited 1 branch of the dungeon, and saw 5 of its levels.

You collected 566 gold pieces.
You paid 26 gold pieces to Gozag.

Inventory:

Hand Weapons
 a - a +0 trident (weapon)
Missiles
 e - 21 stones
 u - 11 poisoned darts (quivered)
Armour
 b - a +0 buckler (worn)
Jewellery
 p - the ring of Pragmatism (left tentacle) {rN++ EV+5 Dex-5}
   (You found it on level 3 of the Dungeon)

   [ring of evasion]

   EV+5:      It affects your evasion (+5).
   Dex-5:     It affects your dexterity (-5).
   rN++:      It greatly protects you from negative energy.
 v - a +6 ring of strength (right tentacle)
 w - an amulet of the acrobat (around mantle)
Talismans
 k - a flux talisman
Wands
 r - a wand of polymorph (7)
 s - a wand of iceblast (11)
Scrolls
 i - 5 scrolls of identify {unknown}
 o - 2 scrolls of fog
 q - a scroll of acquirement {unknown}
 t - 2 scrolls of teleportation {unknown}
 x - a scroll of enchant weapon {unknown}
 y - a scroll of poison {unknown}
Potions
 c - a potion of might
 d - a potion of heal wounds {unknown}
 f - 2 potions of mutation {unknown}
 g - a potion of ambrosia {unknown}
 h - a potion of lignification {unknown}
 j - 2 potions of curing {unknown}
 l - a potion of haste {unknown}
 m - a potion of invisibility {unknown}
 n - a potion of cancellation {unknown}


   Skills:
 + Level 5.3 Fighting
 * Level 6.6 Polearms
 - Level 3.0 Dodging
 + Level 5.3 Shields


You had 7 spell levels left.
You didn't know any spells.
Your spell library contained the following spells:

 Spells                   Type           Power      Damage    Failure   Level
 Kiss of Death            Conj/Necr      0%         2d5       41%         1
 Call Canine Familiar     Summ           0%         N/A       80%         3
 Confusing Touch          Hex            0%         N/A       80%         3
 Sigil of Binding         Hex            0%         N/A       80%         3
 Dimensional Bullseye     Hex/Tloc       0%         N/A       99%         4
 Dispel Undead            Necr           0%         3d6       99%         4
 Leda's Liquefaction      Hex/Erth       0%         N/A       99%         4


Dungeon Overview and Level Annotations

Branches:
Dungeon (5/15)             Temple (0/1) D:4

Altars:
Gozag

Shops:
D:4 =


Innate Abilities, Weirdness & Mutations

You cannot wear most types of armour.
You are amphibious.
You can wear up to eight rings at the same time.
Your skin changes colour to match your surroundings (Stealth+).
Your rubbery body absorbs attacks. (AC +1, EV +1)
((You are camouflaged when in or above water. (Stealth+)))
You have tentacles for arms and can constrict up to eight enemies at once.


Message History

You kill the gnoll!
You now have 540 gold pieces (gained 6).
Things that are here:
a +0 halberd; a +0 robe
Press: ? - help, v - describe, . - travel The floor.
You reach to attack!
You closely miss the gnoll. You closely miss the gnoll.
Your grab misses the gnoll. Your squeeze misses the gnoll.
You block the gnoll's attack.
The gnoll hits you with a +1 flail of protection!
The ice beast attacks as it pursues you!
You block the ice beast's attack.
You barely miss the ice beast. Your squeeze misses the ice beast.
You barely miss the ice beast. Your squeeze misses the ice beast.
The ice beast hits you. The ice beast freezes you!
The ice beast completely misses you.
You barely miss the ice beast. You squeeze the ice beast!
The ice beast is heavily wounded.
The ice beast hits you. The ice beast freezes you!
The ice beast attacks as it pursues you!
The ice beast completely misses you.
The ice beast attacks as it pursues you!
The ice beast hits you.
* * * LOW HITPOINT WARNING * * *
The ice beast freezes you!
* * * LOW HITPOINT WARNING * * *
The ice beast attacks as it pursues you!
The ice beast misses you.
The ice beast attacks as it pursues you!
The ice beast completely misses you.
The ice beast attacks as it pursues you!
The ice beast completely misses you.
The ice beast attacks as it pursues you!
The ice beast completely misses you.
The ice beast attacks as it pursues you!
The ice beast hits you.
* * * LOW HITPOINT WARNING * * *
The ice beast freezes you!
You die...
Your body crumbles into a pile of gold.

....#. ##....# ##..#.
#......#
.#.....##......
.............# .....
.......<.....# .....
.............###.....
.# ...............#....
..#
..........).#......#
..#
...........@....#####.#
#.##.......#Y..>##....#
# ##......##.........#
.............##.....#
............###....##
............#..##...##
...........g#........##
..###.###..#..###....#
..#...##.)#.....###


You could see an ice beast.

Vanquished Creatures
  Grinder (D:3)
  Sigmund (D:4)
  A black bear (D:4)
  3 hounds
  Crazy Yiuf (D:4)
  Ijyb (D:3)
  4 iguanas
  Natasha (thrice) (D:3)
  Robin (D:4)
  A gnoll (D:5)
  3 adders
  3 worms
  4 dart slugs
  An orc (D:4)
  6 endoplasms
  3 giant cockroaches
  15 goblins
  13 hobgoblins
  6 jackals
  A quokka (D:4)
  11 ball pythons
  5 bats
  4 frilled lizards
  7 kobolds
  5 rats
104 creatures vanquished.

Notes
Turn   | Place    | Note
-------+----------+-------------------------------------------
     0 | D:1      | Armadingus the Octopode Fighter began the quest for the
                  | Orb.
     0 | D:1      | Reached XP level 1. HP: 16/16 MP: 1/1
    63 | D:1      | Reached XP level 2. HP: 19/21 MP: 2/2
   326 | D:1      | Reached XP level 3. HP: 23/26 MP: 3/3
   691 | D:2      | Found an opulent altar of Gozag.
   730 | D:2      | Became a worshipper of Gozag Ym Sagoz the Greedy
   767 | D:2      | Reached skill level 3 in Polearms
   933 | D:2      | Reached XP level 4. HP: 26/31 MP: 4/4
  1336 | D:3      | Identified the ring of Pragmatism {rN++ EV+5 Dex-5}
  1513 | D:3      | Noticed Grinder
  1530 | D:3      | Killed Grinder
  1531 | D:3      | Reached skill level 4 in Polearms
  1531 | D:3      | Reached XP level 5. HP: 15/37 MP: 5/5
  1531 | D:3      | Reached XP level 6. HP: 17/43 MP: 6/6
  1853 | D:3      | Noticed Ijyb
  1858 | D:3      | Noticed Natasha
  1859 | D:3      | Killed Ijyb
  1868 | D:3      | Killed Natasha
  2114 | D:3      | Noticed Natasha
  2123 | D:3      | Killed Natasha
  2124 | D:3      | Reached skill level 5 in Polearms
  2279 | D:3      | Noticed Natasha
  2286 | D:3      | Killed Natasha
  2349 | D:4      | Found a staircase to the Ecumenical Temple.
  2349 | D:4      | Noticed Sigmund
  2366 | D:4      | Killed Sigmund
  2367 | D:4      | Reached XP level 7. HP: 37/49 MP: 7/7
  2530 | D:4      | Found Tecegubo's Jewellery Boutique.
  2796 | D:4      | Reached skill level 6 in Polearms
  2796 | D:4      | Reached skill level 5 in Shields
  2913 | D:4      | Noticed Robin
  2919 | D:4      | Reached skill level 5 in Fighting
  2926 | D:4      | Killed Robin
  3067 | D:4      | Found a runed translucent door.
  3068 | D:4      | Noticed Crazy Yiuf
  3076 | D:4      | Killed Crazy Yiuf
  3162 | D:5      | Entered Level 5 of the Dungeon
  3178 | D:5      | Reached XP level 8. HP: 44/55 MP: 8/8
  3318 | D:5      | HP: 2/55 [ice beast (13)]
  3331 | D:5      | Mangled by an ice beast

Illustrated notes

Levels and vault maps discovered:
D:1:      tarquinn_simple_flora_water_c, layout_basic, serial_bayou_pond_a
D:2:      layout_loops_ring, basic_altar, minmay_diced_spiral
D:3:      layout_basic, uniq_grinder, uniq_ijyb, uniq_natasha
D:4:      layout_loops_ring, minmay_temple_entry_large_hall, serial_shops,
          nicolae_shop_tiny_real_fake_doors, uniq_robin,
          uniq_crazy_yiuf_cottage, uniq_sigmund
D:5:      layout_cave_pools, nicolae_titane

Skill      XL: |  1  2  3  4  5  6  7 |
---------------+----------------------+-----
Polearms       | 3 4 5 6 |  6.6
Fighting       | 4 5 |  5.3
Shields        | 4 5 |  5.3
Dodging        | |  3.0

Action                     |  1- 3 |  4- 6 |  7- 9 || total
---------------------------+-------+-------+-------++-------
  Melee: Trident           |    86 |    60 |   106 ||   252
         Constrict         |    14 |     9 |    18 ||    41
         Tentacles         |     7 |    10 |    20 ||    37
  Throw: Stone             |     5 |     2 |    10 ||    17
         Dart              |       |     6 |     2 ||     8
    Use: Scroll            |       |     1 |       ||     1
         Potion            |       |     1 |       ||     1
   Stab: Sleeping          |     8 |     7 |     2 ||    17
 Armour: Skin              |    17 |    10 |    24 ||    51
  Dodge: Dodged            |    30 |    20 |    50 ||   100
  Block: Buckler           |     9 |     3 |     7 ||    19

Table legend: (Time is in decaauts)
 A = Elapsed time spent in this place.
 B = Non-inter-level travel time spent in this place.
 C = Inter-level travel time spent in this place.
 D = Time resting spent in this place.
 E = Time spent auto-exploring this place.
 F = Levels seen in this place.
 G = Mean time per level.
                   A        B        C        D        E       F      G
               +--------+--------+--------+--------+--------+-----+--------+
         Total |   3360 |   3200 |    160 |      0 |   1686 |   5 |  672.0 |
       Dungeon |   3360 |   3200 |    160 |      0 |   1686 |   5 |  672.0 |
               +--------+--------+--------+--------+--------+-----+--------+

Top non-repeatable levels by time:
     D:3: 1005 daAuts
     D:4: 872 daAuts
     D:2: 685 daAuts
     D:1: 635 daAuts
     D:5: 161 daAuts
